 Dungeon Crawl Stone Soup version 0.30-a0-540-g0af01429fa (webtiles) character file.

Game seed: 15459130832174820645

6996 porpoise the Summoner (level 11, -3/77 (79) HPs)
             Began as a Barachi Summoner on Dec 26, 2022.
             Was a Priest of Cheibriados.
             Slain by an orc warrior
             ... wielding a +0 scimitar
              (16 damage)
             ... on level 10 of the Dungeon.
             The game lasted 00:54:46 (10387 turns).

porpoise the Summoner (Barachi Summoner)           Turns: 10387, Time: 00:54:46

HP:   -3/77 (79)    AC: 14    Str: 16    XL:     11   Next: 8%
MP:   18/18         EV: 16    Int: 28    God:    Cheibriados [***...]
Gold: 401           SH:  0    Dex: 19    Spells: 5/20 levels left

rFire   . . .      SeeInvis .    a - +3 dagger (drain)
rCold   . . .      Faith    .    (no shield)
rNeg    + . .      Spirit   .    H - +0 steam dragon scales
rPois   +          Reflect  .    f - +1 helmet
rElec   .          Harm     .    D - +0 cloak
rCorr   .          Rampage  .    u - +2 pair of gloves
Will    .....                    i - +0 pair of boots
Stlth   ++                       G - amulet of magic regeneration
HPRegen 0.32/turn                Q - ring of positive energy
MPRegen 0.56/turn                s - ring of poison resistance

@: lightly drained, very slow
A: amphibious, slowness 1, strong legs 1, +LOS
a: Hop, Renounce Religion, Bend Time, Temporal Distortion


You were on level 10 of the Dungeon.
You worshipped Cheibriados.
Cheibriados was most pleased with you.
You visited 2 branches of the dungeon, and saw 11 of its levels.

You collected 401 gold pieces.

Inventory:

Hand Weapons
 a - a +3 dagger of draining (weapon)
 b - a +0 sling
 j - a +1 trident of flaming
 w - a +3 long sword of holy wrath
 T - a +2 whip of electrocution
 U - a +5 rapier
 Z - a +0 war axe of draining
Missiles
 d - 6 throwing nets
 M - 2 curare-tipped darts
 O - 10 poisoned darts
Armour
 f - a +1 helmet (worn)
 i - a +0 pair of boots (worn)
 t - a +0 troll leather armour
 u - a +2 pair of gloves (worn)
 D - a +0 cloak (worn)
 H - +0 steam dragon scales (worn)
 P - a +2 leather armour of cold resistance
 Y - an orb of light
Jewellery
 g - a ring of fire
 o - an amulet of the acrobat
 q - a ring of magical power
 s - a ring of poison resistance (right hand)
 G - an amulet of magic regeneration (around neck)
 J - a ring of resist corrosion
 Q - a ring of positive energy (left hand)
 W - a +6 ring of strength
Wands
 e - a wand of roots (29)
 m - a wand of flame (55)
 y - a wand of charming (5)
Scrolls
 k - 5 scrolls of magic mapping
 p - a scroll of brand weapon
 r - 2 scrolls of vulnerability
 x - 3 scrolls of noise
 B - a scroll of enchant weapon
 E - a scroll of fear
 K - 2 scrolls of teleportation
 X - a scroll of poison {unknown}
Potions
 c - 3 potions of curing
 h - 6 potions of brilliance
 l - 5 potions of attraction
 n - a potion of magic
 v - 2 potions of lignification
 z - 2 potions of ambrosia
 C - a potion of invisibility {unknown}
 F - 2 potions of mutation
 I - a potion of berserk rage {unknown}
 R - a potion of cancellation
 S - 2 potions of heal wounds
 V - 2 potions of degeneration {unknown}
Miscellaneous
 A - a condenser vane


   Skills:
 - Level 5.0 Fighting
 - Level 5.0 Armour
 - Level 7.0 Dodging
 - Level 1.7 Stealth
 - Level 5.0 Spellcasting
 + Level 5.4 Conjurations
 - Level 9.0 Summonings
 + Level 5.4 Transmutations
 - Level 7.0 Air Magic
 + Level 4.5 Invocations
 - Level 5.0 Evocations


You had 5 spell levels left.
You knew the following spells:

 Your Spells              Type           Power      Damage    Failure   Level
a - Summon Small Mammal   Summ           100%       N/A       1%          1
b - Call Imp              Summ           55%        N/A       1%          2
c - Call Canine Familiar  Summ           55%        N/A       1%          3
l - Summon Lightning Spi  Summ/Air       51%        N/A       2%          4
r - Irradiate             Conj/Tmut      18%        3d17      21%         5

Your spell library contained the following spells:

 Spells                   Type           Power      Damage    Failure   Level
 Summon Guardian Golem    Hex/Summ       32%        N/A       3%          3
 Apportation              Tloc           14%        N/A       7%          1
 Sublimation of Blood     Necr           7%         N/A       10%         2
 Petrify                  Tmut/Erth      22%        N/A       22%         4
 Alistair's Intoxication  Tmut/Pois      14%        N/A       52%         5
 Leda's Liquefaction      Hex/Erth       3%         N/A       54%         4
 Lee's Rapid Deconstruct  Erth           3%         3d5*      88%         5
 Statue Form              Tmut/Erth      14%        N/A       98%         6


Dungeon Overview and Level Annotations

Branches:
Dungeon (10/15)            Temple (1/1) D:7
   Lair: D:8-11         Orc: D:9-12

Altars:
Cheibriados
Dithmenos
Fedhas
Hepliaklqana
Okawaru
The Shining One

Annotations:
D:3 3 runed translucent doors, bande's ghost, amateur GrFi
D:6 1 runed translucent door, Edmund; tonyyikes's ghost, novice DjCj
D:9 2 runed translucent doors
D:10 1 transporter, SirDiesAlot's ghost, novice DsGl


Innate Abilities, Weirdness & Mutations

You are amphibious.
You cover ground slowly.
You can hop short distances.
You have an extended range of vision and can be seen from far away.


Message History

The basilisk is severely wounded.
Your wolf bites the basilisk.
Your lightning spire shoots out a bolt of lightning at the basilisk!
The bolt of electricity hits the basilisk!
The orc warrior hits you with a +0 scimitar.
The basilisk bites your lightning spire!
The wyvern bites you but does no damage.
You hear an angry growl.
You barely miss the basilisk.
The basilisk is almost dead.
Your wolf bites the basilisk!
The basilisk dies!
Cheibriados appreciates the change of pace.
The wyvern closely misses you.
Your lightning spire shoots out a bolt of lightning at the wyvern!
The bolt of electricity hits the wyvern!!
The wyvern dies!
Cheibriados thoroughly appreciates the change of pace.
Your wolf closely misses the orc warrior.
The orc warrior closely misses you.
You swap places.
Your wolf barely misses the orc warrior.
Your wolf bites the orc warrior!
The orc warrior hits you with a +0 scimitar.
SirDiesAlot's ghost says, "I'll split you in two!"
Your wolf bites the orc warrior.
You hit the two-headed ogre.
The two-headed ogre is lightly wounded.
Your lightning spire disappears in a puff of smoke!
Your wolf bites the two-headed ogre. x2
A black bear comes into view.
You hit the two-headed ogre but do no damage.
The two-headed ogre is lightly wounded.
Your wolf bites the two-headed ogre!
The two-headed ogre hits you with a +0 giant spiked club!
The two-headed ogre hits you with a +0 dire flail of draining!!
* * * LOW HITPOINT WARNING * * *
You partially resist.
You feel drained.
The orc warrior hits you with a +0 scimitar!
You die...

...©#....©...:#©.......
#..#........(#........
#..#.........#........
#..#8....hcy8#......P.
#..##...h{WD##........
#...#########.....P.♣.
#............§†.....P.
####...........†h†......[
.......###......@O...PP..
.........+.......o.....!.
.......###...............
...†...###.............h♣
.......<##...............
.......###....#####+####.
.......# #....# .......#
#.... .......# #....


You could see a five-headed hydra, a centaur warrior, a two-headed ogre, a
hornet, an orc warrior (ally target), a black bear, 2 howler monkeys,
SirDiesAlot's ghost and a friendly wolf (summoned).

Vanquished Creatures
  Pikel (D:9)
  Maggie (D:7)
  Grinder (D:3)
  An ice beast (D:7)
  A wolf (D:10)
  A centaur (D:8)
  A phantom (D:5)
  A bullfrog (D:8)
  2 scorpions
  A gnoll sergeant (D:9)
  2 necrophages (D:5)
  A killer bee (D:7)
  3 howler monkeys
  2 jellies (D:7)
  A hound (D:7)
  4 orc priests
  An iguana (D:7)
  An orc wizard (D:6)
  7 gnolls
  4 adders
  A white imp (D:5)
  An ufetubus (D:5)
  2 dart slugs
  2 orcs (D:5)
  2 ball pythons
  3 bats (D:1)
  4 endoplasms
  3 giant cockroaches
  6 goblins
  3 hobgoblins
  2 jackals (D:4)
  5 kobolds
  2 quokkas (D:1)
  2 frilled lizards (D:2)
  4 rats
79 creatures vanquished.

Vanquished Creatures (collateral kills)
  Harold (D:9)
  Psyche (D:9)
  A troll (D:10)
  A shadow (D:10)
  4 wyverns
  A basilisk (D:10)
  Menkaure (D:6)
  7 water moccasins
  An ice beast (D:6)
  A black bear (D:10)
  A wolf (D:10)
  A centaur (D:5)
  A phantom (D:5)
  3 kobold brigands
  A bullfrog (D:7)
  A gnoll sergeant (D:8)
  2 necrophages
  3 scorpions (D:6)
  2 killer bees (D:7)
  4 howler monkeys
  A gnoll bouda (D:7)
  3 orc priests
  A hound (D:5)
  A jelly (D:4)
  2 iguanas
  Ijyb (D:4)
  7 orc wizards
  Natasha (D:2)
  2 human simulacra (D:9)
  Robin (D:4)
  9 gnolls
  6 adders
  A shadow imp (D:6)
  A white imp (D:5)
  A worm (D:3)
  20 orcs
  7 endoplasms
  2 giant cockroaches (D:1)
  8 hobgoblins
  2 jackals (D:4)
  10 kobolds
  A quokka (D:4)
  6 ball pythons
  2 bats
  A frilled lizard (D:3)
  10 goblins
  4 rats
149 creatures vanquished.

Vanquished Creatures (others)
  A kobold (D:9)
  4 fungi
  7 plants
12 creatures vanquished.

Grand Total: 240 creatures vanquished

Notes
Turn   | Place    | Note
-------+----------+-------------------------------------------
     0 | D:1      | porpoise the Barachi Summoner began the quest for the Orb.
     0 | D:1      | Reached XP level 1. HP: 13/13 MP: 3/3
    98 | D:1      | Reached skill level 5 in Summonings
   135 | D:1      | Reached XP level 2. HP: 14/19 MP: 2/5
   159 | D:1      | Learned a level 2 spell: Call Imp
   636 | D:1      | Reached XP level 3. HP: 24/24 MP: 5/7
   657 | D:1      | Learned a level 3 spell: Call Canine Familiar
   736 | D:1      | You fall into a shaft and drop 1 floor!
   749 | D:2      | Noticed Natasha
   759 | D:2      | Killed Natasha
   765 | D:2      | Reached XP level 4. HP: 25/30 MP: 7/9
  1420 | D:2      | Reached skill level 6 in Summonings
  2065 | D:3      | Reached XP level 5. HP: 35/35 MP: 10/10
  2130 | D:3      | Noticed Grinder
  2134 | D:3      | Found a hazy altar of Hepliaklqana.
  2147 | D:3      | Killed Grinder
  2148 | D:3      | Reached skill level 5 in Spellcasting
  2148 | D:3      | Reached skill level 7 in Summonings
  2148 | D:3      | Reached XP level 6. HP: 17/46 MP: 13/13
  2261 | D:3      | Learned a level 4 spell: Summon Lightning Spire
  2324 | D:3      | Reached skill level 1 in Armour
  2443 | D:3      | Found a runed translucent gate.
  2444 | D:3      | Found a runed translucent gate.
  2444 | D:3      | Noticed bande's ghost (amateur GrFi)
  2446 | D:3      | Found a runed translucent gate.
  2740 | D:4      | Reached XP level 7. HP: 51/52 MP: 14/14
  2912 | D:4      | Noticed Robin
  2934 | D:4      | Killed Robin
  3256 | D:4      | Noticed Ijyb
  3280 | D:4      | Reached skill level 1 in Air Magic
  3285 | D:4      | Killed Ijyb
  3771 | D:5      | Entered Level 5 of the Dungeon
  3877 | D:5      | Reached skill level 5 in Fighting
  3877 | D:5      | Reached XP level 8. HP: 59/61 MP: 15/15
  4612 | D:5      | Reached skill level 5 in Armour
  4618 | D:5      | Reached skill level 8 in Summonings
  4827 | D:6      | Found a runed translucent door.
  4831 | D:6      | Noticed tonyyikes's ghost (novice DjCj)
  5324 | D:6      | Reached skill level 5 in Air Magic
  5324 | D:6      | Reached XP level 9. HP: 68/68 MP: 16/16
  5330 | D:6      | Learned a level 5 spell: Irradiate
  5334 | D:6      | Noticed Edmund
  5344 | D:6      | HP: 1/68 [Edmund/+4 dire flail of distortion (8)]
  5774 | D:6      | Reached skill level 1 in Evocations
  6014 | D:6      | Noticed Menkaure
  6022 | D:6      | Killed Menkaure
  6023 | D:6      | Reached skill level 9 in Summonings
  6554 | D:7      | Found a staircase to the Ecumenical Temple.
  6559 | Temple   | Entered the Ecumenical Temple
  6593 | Temple   | Became a worshipper of Cheibriados the Contemplative
  6646 | D:7      | Found a glowing golden altar of the Shining One.
  6689 | D:7      | Noticed Maggie
  6707 | D:7      | Killed Maggie
  6708 | D:7      | Reached skill level 5 in Dodging
  7239 | D:7      | Reached * piety under Cheibriados
  7927 | D:8      | Reached XP level 10. HP: 74/74 MP: 17/17
  7993 | D:8      | Reached skill level 5 in Evocations
  8080 | D:8      | Reached ** piety under Cheibriados
  8155 | D:8      | Reached skill level 1 in Conjurations
  8155 | D:8      | Reached skill level 1 in Transmutations
  8327 | D:8      | Reached skill level 1 in Invocations
  8956 | D:9      | Noticed Psyche
  8968 | D:9      | Killed Psyche
  9493 | D:9      | Noticed Harold
  9513 | D:9      | Killed Harold
  9513 | D:9      | Reached *** piety under Cheibriados
  9661 | D:9      | Noticed Pikel
  9666 | D:9      | Killed Pikel
  9892 | D:9      | Found a runed translucent door.
  9900 | D:9      | Found a runed translucent door.
 10205 | D:10     | Entered Level 10 of the Dungeon
 10333 | D:10     | Found a transporter.
 10333 | D:10     | Noticed SirDiesAlot's ghost (novice DsGl)
 10333 | D:10     | Noticed a five-headed hydra
 10334 | D:10     | Noticed a centaur warrior
 10370 | D:10     | Reached skill level 5 in Conjurations
 10376 | D:10     | Reached skill level 5 in Transmutations
 10376 | D:10     | Reached XP level 11. HP: 66/79 MP: 15/18
 10379 | D:10     | Noticed a two-headed ogre
 10387 | D:10     | Slain by an orc warrior

Illustrated notes

Levels and vault maps discovered:
D:1:      minmay_arrival_glassed_features, layout_loops_ring
D:2:      layout_basic, uniq_natasha
D:3:      layout_rooms, mainiacjoe_overflow_small_starburst,
          gammafunk_ghost_nasty_kobolds, uniq_grinder
D:4:      layout_rooms, uniq_robin, uniq_ijyb
D:5:      layout_cave_pools
D:6:      layout_loops_cross, ebering_ghost_reflecting_pool, uniq_menkaure,
          uniq_edmund
D:7:      layout_gridville, mainiacjoe_overflow_concentric_impassable,
          minmay_temple_entry_arrows, st_stairs_12, uniq_maggie
D:8:      layout_rooms, minmay_misc_feat_four_crosses
D:9:      lemuel_insect_pit, layout_irregular_city, grunt_decor_cap,
          bh_circular_ruins, uniq_pikel, uniq_harold, uniq_psyche
D:10:     layout_basic, minmay_lair_entry_grove, gammafunk_ghost_arena,
          serial_bayou_lagoon_a, grunt_decor_clamped
Temple:   nicolae_temple_slightly_damp_pantheon

Skill      XL: |  1  2  3  4  5  6  7  8  9 10 |
---------------+-------------------------------+-----
Summonings     | 5 6 7 8 9 |  9.0
Spellcasting   | 3 5 |  5.0
Fighting       | 2 3 5 |  5.0
Armour         | 1 4 5 |  5.0
Air Magic      | 2 5 6 7 |  7.0
Dodging        | 3 6 7 |  7.0
Evocations     | 4 5 |  5.0
Conjurations   | 5 |  5.4
Transmutations | 5 |  5.4
Invocations    | 4 |  4.5
Stealth        | |  1.7

Action                   |  1- 3 |  4- 6 |  7- 9 | 10-12 || total
-------------------------+-------+-------+-------+-------++-------
Melee: Dagger            |    45 |    34 |   161 |    66 ||   306
       Short sword       |       |    65 |    55 |       ||   120
       Punch             |       |       |     3 |     1 ||     4
 Fire: Sling             |       |     8 |    11 |     4 ||    23
 Cast: Summon Small Mamm |    23 |    24 |    35 |     9 ||    91
       Call Canine Famil |       |     8 |    30 |    11 ||    49
       Call Imp          |       |       |    20 |     4 ||    24
       Summon Lightning  |       |       |     8 |     8 ||    16
  Use: Potion            |       |       |     9 |       ||     9
       Scroll            |       |       |    10 |     4 ||    14
 Stab: Distracted        |     1 |       |     1 |     1 ||     3
       Sleeping          |     1 |     2 |       |       ||     3
Armor: Robe              |     6 |    27 |   127 |       ||   160
       Skin              |       |       |    34 |       ||    34
       Steam dragon scal |       |       |    14 |    45 ||    59
       Leather armour    |       |       |     5 |       ||     5
Dodge: Dodged            |    27 |    84 |   195 |    87 ||   393

Table legend: (Time is in decaauts)
 A = Elapsed time spent in this place.
 B = Non-inter-level travel time spent in this place.
 C = Inter-level travel time spent in this place.
 D = Time resting spent in this place.
 E = Time spent auto-exploring this place.
 F = Levels seen in this place.
 G = Mean time per level.
                   A        B        C        D        E       F      G
               +--------+--------+--------+--------+--------+-----+--------+
         Total |  12292 |  12018 |    274 |   3903 |   5930 |  11 | 1117.5 |
       Dungeon |  12223 |  11977 |    246 |   3903 |   5899 |  10 | 1222.3 |
        Temple |     68 |     41 |     27 |      0 |     31 |   1 |   68.0 |
               +--------+--------+--------+--------+--------+-----+--------+

Top non-repeatable levels by time:
     D:9: 2083 daAuts
     D:6: 1767 daAuts
     D:7: 1762 daAuts
     D:1: 1231 daAuts
     D:8: 1174 daAuts
     D:4: 1119 daAuts
     D:5: 1052 daAuts
     D:2: 1036 daAuts
     D:3: 784 daAuts
    D:10: 212 daAuts
  Temple: 68 daAuts
